 Dungeon Crawl Stone Soup version 0.16-a0-623-g20b2139 (webtiles) character file.

95 Foahim the Charmwright (level 4, -2/29 HPs)
             Began as a High Elf Skald on Sept 18, 2014.
             Slain by Purgy (7 damage)
             ... in a sewer.
             The game lasted 00:16:53 (1941 turns).

Foahim the Charmwright (High Elf Skald)             Turns: 1941, Time: 00:16:53

HP  -2/29        AC  3     Str 12      XL: 4   Next: 39%
MP   3/12        EV 11     Int 15      God:
Gold 137         SH  0     Dex 15      Spells:  3 memorised,  3 levels left

rFire  . . .     SeeInvis .     a - +0 falchion
rCold  . . .     Clarity  .     b - +0 leather armour
rNeg   . . .     rCorr    .     (no shield)
rPois  .         rRot     .     (no helmet)
rElec  .         Spirit   .     (no cloak)
SustAb .         Warding  .     (no gloves)
rMut   .         Stasis   .     (no boots)
Gourm  .                        (no amulet)
MR     .....                    (no ring)
                                (no ring)

@: infused, very slightly contaminated, not resistant to hostile enchantments,
very unstealthy
A: no striking features
a: no special abilities


You were in a sewer.
You were not hungry.

You visited 1 branch of the dungeon, and saw 3 of its levels.
You also visited: Sewer.

You collected 137 gold pieces.

Inventory:

Hand weapons
 a - a +0 falchion (weapon)
 q - a +1 hand axe of flaming
 w - a +2 flail of holy wrath
Armour
 b - a +0 leather armour (worn)
Comestibles
 d - 2 bread rations
 r - a meat ration
 u - a slice of pizza
Scrolls
 e - 2 scrolls of amnesia {unknown}
 g - a scroll of teleportation {unknown}
 h - 2 scrolls of enchant armour {unknown}
 i - a scroll of magic mapping {unknown}
 j - 2 scrolls of remove curse {unknown}
 l - 2 scrolls of identify
 o - a scroll of immolation {unknown}
 s - 2 scrolls of noise {unknown}
Jewellery
 m - an uncursed ring of sustain abilities
Potions
 f - a potion of cure mutation {unknown}
 k - a potion of lignification {unknown}
 n - a potion of restore abilities {unknown}
 t - a potion of curing {unknown}
 v - a potion of flight {unknown}
Books
 c - a book of Battle

   Spells                             Type                      Level
   *Infusion                          Charms                       1
   *Shroud of Golubria                Charms/Translocation         2
   Song of Slaying                    Charms                       2
   Spectral Weapon                    Hexes/Charms                 3
   *Regeneration                      Charms/Necromancy            3


   Skills:
 + Level 2.2 Fighting
 + Level 2.9 Long Blades
 + Level 1.3 Armour
 + Level 2.2 Dodging
 + Level 3.3 Spellcasting
 + Level 4.4 Charms
 + Level 0.1 Necromancy
 + Level 0.2 Translocations


You had 3 spell levels left.
You knew the following spells:

 Your Spells              Type           Power        Failure   Level  Hunger
a - Infusion              Chrm           ###...       3%          1    None
b - Shroud of Golubria    Chrm/Tloc      #.........   12%         2    ##.....
c - Regeneration          Chrm/Necr      #.........   24%         3    ###....


Dungeon Overview and Level Annotations

Branches:
Dungeon (3/15)

Altars:
Elyvilon
Makhleb
Sif Muna

Annotations:
Sewer Purgy


Message History

Confirm with . or Enter, or press ? or * to list all spells.
You miscast Regeneration.
You are very lightly contaminated with residual magic.
Strange energies run through your body. Purgy bites you.
Purgy barely misses you. Purgy claws you.
Your unstable footing causes you to fumble your attack.
Purgy completely misses you. Purgy claws you but does no damage.
Purgy claws you.
* * * LOW HITPOINT WARNING * * *
You are too injured to fight recklessly!
Purgy bites you.
* * * LOW HITPOINT WARNING * * *
Purgy claws you.
* * * LOW HITPOINT WARNING * * *
Purgy barely misses you. Why would you want to do that?
You enter the shallow water.
Moving in this stuff is going to be slow.
Purgy bites you!
You die...

##≈≈≈≈≈≈≈.#
#≈≈≈≈≈≈≈≈##
##≈≈≈≈≈≈≈.#
#≈≈≈≈≈≈≈.##
#≈≈≈≈≈≈≈..# ≈
#≈≈≈≈≈≈≈≈≈# .#
#≈≈≈≈≈≈≈≈≈## ≈#
≈≈≈≈≈≈≈≈≈≈# ≈#
≈≈≈≈≈≈≈≈≈@## .#
≈≈≈≈≈≈≈≈≈T# T#
≈≈≈≈≈≈≈≈≈≈## ≈#
#≈≈≈≈≈≈≈≈≈####.#.#
##≈≈≈≈≈≈≈≈≈≈.≈≈.≈#
#≈≈≈≈≈≈≈≈≈≈≈≈≈≈≈.≈≈≈≈
##≈≈≈≈≈≈≈≈≈≈≈≈≈≈≈≈≈≈
##≈≈≈≈≈≈≈≈≈≈≈≈≈≈≈≈≈
###≈≈≈≈≈≈≈≈≈≈≈≈≈≈≈


You could see Purgy.

Vanquished Creatures
  A scorpion zombie (D:3)
  2 adders
  A giant mite (D:3)
  2 worms (D:3)
  6 giant geckos
  2 bats
  4 hobgoblins
  2 jackals (D:3)
  2 quokkas
  5 ball pythons
  4 giant cockroaches
  4 giant newts (Sewer)
  7 goblins
  A kobold (D:2)
  3 rats
46 creatures vanquished.

Notes
Turn   | Place    | Note
--------------------------------------------------------------
     0 | D:1      | Foahim, the High Elf Skald, began the quest for the Orb.
     0 | D:1      | Reached XP level 1. HP: 14/14 MP: 4/4
   184 | D:1      | Reached skill level 4 in Charms
   310 | D:1      | Reached XP level 2. HP: 19/19 MP: 6/6
   322 | D:1      | Learned a level 2 spell: Shroud of Golubria
   925 | D:2      | Reached skill level 1 in Armour
  1226 | D:3      | Reached XP level 3. HP: 16/24 MP: 4/8
  1231 | D:3      | Learned a level 3 spell: Regeneration
  1545 | D:3      | Found a white marble altar of Elyvilon.
  1545 | D:3      | Found a deep blue altar of Sif Muna.
  1553 | D:3      | Found a burning altar of Makhleb.
  1703 | D:3      | Reached XP level 4. HP: 12/29 MP: 0/12
  1720 | D:3      | Found a glowing drain.
  1771 | Sewer    | Entered a sewer
  1926 | Sewer    | Noticed Purgy
  1941 | Sewer    | Slain by Purgy

Action                   |  1- 3 |  4- 6 || total
-------------------------+-------+-------++-------
Melee: Falchion          |   116 |    36 ||   152
 Cast: Infusion          |    18 |     2 ||    20
       Regeneration      |     6 |     5 ||    11
       Shroud of Golubri |       |     1 ||     1
  Use: Scroll            |       |     1 ||     1
  Eat: Fruit             |     2 |     1 ||     3
       Pizza             |     1 |       ||     1
       Bread ration      |       |     1 ||     1
